 Dungeon Crawl Stone Soup version 0.30-a0-377-g5cb311bc9f (webtiles) character file.

Game seed: 1652931126280926053

192 arthad the Trooper (level 5, -2/34 HPs)
             Began as a Gargoyle Monk on Nov 27, 2022.
             Splashed by a jelly's acid (8 damage)
             ... in a sewer.
             The game lasted 00:06:08 (2392 turns).

arthad the Trooper (Gargoyle Monk)                  Turns: 2392, Time: 00:06:09

Health: -2/34      AC:  2    Str: 17      XL:     5   Next: 71%
Magic:  5/5        EV: 12    Int: 10      God:
Gold:   90         SH:  0    Dex: 10 (12) Spells: 4/4 levels left

rFire   . . .      SeeInvis .    a - +0 mace
rCold   . . .      Faith    .    (no shield)
rNeg    + . .      Spirit   .    e - +0 robe
rPois   ∞          Reflect  .    (helmet restricted)
rElec   +          Harm     .    (no cloak)
rCorr   .          Rampage  .    (no gloves)
Will    .....                    (no boots)
Stlth   ++........               (no amulet)
HPRegen 0.25/turn                (no ring)
MPRegen 0.09/turn                (no ring)

@: corroded
A: sickness immunity, AC +4, negative energy resistance 1, electricity
resistance, torment resistance 1, petrification resistance, antennae 1, mutation
resistance 1
a: no special abilities


You were in a sewer.
You visited 1 branch of the dungeon, and saw 3 of its levels.
You also visited: Sewer.

You collected 90 gold pieces.

Inventory:

Hand Weapons
 a - a +0 mace (weapon)
 b - a +1 sling
Armour
 e - a +0 robe (worn)
Magical Staves
 f - a staff of death
Scrolls
 g - a scroll of enchant weapon
Potions
 h - a potion of flight
 l - 2 potions of degeneration


   Skills:
 * Level 4.3 Fighting
 * Level 3.8 Maces & Flails
 + Level 1.1 Ranged Weapons
 * Level 2.5 Armour
 + Level 2.8 Dodging
 + Level 3.2 Stealth


You had 4 spell levels left.
You didn't know any spells.
Your spell library was empty.

Dungeon Overview and Level Annotations

Branches:
Dungeon (3/15)              Sewer (1/1)

Altars:
Hepliaklqana


Innate Abilities, Weirdness & Mutations

You are immune to sickness and miasma.
Your stone body is resilient. (AC +4)
You are immune to poison.
You resist negative energy. (rN+)
You are resistant to electric shocks. (rElec)
You are resistant to unholy torment.
You are immune to petrification.
You have a pair of small antennae on your head.
You are somewhat resistant to further mutation.


Message History

You enter the shallow water.
Moving in this stuff is going to be slow. 2 jellies come into view.
You shoot a sling bullet. The sling bullet hits the jelly!
The jelly quivers.
The jelly is moderately wounded.
The jelly quivers.
You shoot a sling bullet. The sling bullet hits the jelly.
The jelly is heavily wounded.
The jelly jiggles.
You shoot a sling bullet.
The sling bullet barely misses the jelly.
You shoot a sling bullet. The sling bullet hits the jelly.
The jelly is almost dead.
You shoot a sling bullet. The sling bullet hits the jelly!
You kill the jelly!
You feel your intelligence returning.
You shoot a sling bullet. The sling bullet hits the jelly.
The jelly is lightly wounded.
The jelly jiggles.
The jelly closely misses you. x2
a - a +0 mace (weapon)
You hit the jelly but do no damage.
Your hands burn!
The jelly is lightly wounded.
The jelly hits you.
You are splashed with acid.
You hit the jelly.
Your hands burn!
The jelly is heavily wounded.
The jelly hits you but does no damage. The jelly completely misses you.
You hit the jelly but do no damage.
Your hands burn!
The jelly is heavily wounded.
The jelly hits you. The acid corrodes you!
You are splashed with acid.
You are too injured to fight recklessly!
You are too injured to fight recklessly!
You hit the jelly.
Your hands burn!
* * * LOW HITPOINT WARNING * * *
The jelly is heavily wounded.
The jelly hits you.
* * * LOW HITPOINT WARNING * * *
You are splashed with acid!
You die...

#~~~# ##~~#####
~.~.##~.~#~~~~## ##
#~~.#.~..~..~∩## ~..
#~.~~~~.~# ~~~# .~.~
#~....~~ #~~# #..~.
#..~.## #~~##.~~.~
{{##~...~## ##~~~.~~#
##~.~~~..###~.~J..##
###~..~##~.~..†~@####
#~~~~~####..~~~~##
..~~.##..##~~####
.~.####~~.#~~# ~~##
##~~~.~# †.# ##...##
~## ##### .#
########## .#
#~.......#


You could see a jelly.

Vanquished Creatures
  A jelly (Sewer)
  3 adders
  4 gnolls
  3 river rats (Sewer)
  2 worms (D:2)
  4 dart slugs
  An orc (D:3)
  8 endoplasms
  2 giant cockroaches
  5 goblins (D:1)
  5 hobgoblins
  5 kobolds
  2 quokkas
  4 ball pythons
  A bat (D:2)
  3 frilled lizards
  6 rats
59 creatures vanquished.

Notes
Turn   | Place    | Note
-------+----------+-------------------------------------------
     0 | D:1      | arthad the Gargoyle Monk began the quest for the Orb.
     0 | D:1      | Reached XP level 1. HP: 14/14 MP: 1/1
   131 | D:1      | Reached XP level 2. HP: 19/19 MP: 2/2
   241 | D:1      | Reached skill level 1 in Armour
   406 | D:1      | Reached XP level 3. HP: 24/24 MP: 3/3
  1269 | D:2      | Reached XP level 4. HP: 29/29 MP: 4/4
  1913 | D:3      | Reached skill level 4 in Fighting
  1942 | D:3      | Gained mutation: You have a pair of small antennae on your
                  | head. [potion of mutation]
  1942 | D:3      | Gained mutation: You are somewhat resistant to further
                  | mutation. [potion of mutation]
  1948 | D:3      | Found a hazy altar of Hepliaklqana.
  2031 | D:3      | Found a glowing drain.
  2041 | Sewer    | Entered a sewer
  2088 | Sewer    | Reached XP level 5. HP: 32/33 MP: 5/5
  2229 | Sewer    | Reached skill level 1 in Ranged Weapons
  2392 | Sewer    | Splashed by a jelly's acid

Illustrated notes

Levels and vault maps discovered:
D:1:      spicycebolla_green_bress_n_ham, layout_basic, minmay_hedge_maze
D:2:      layout_loops_cross
D:3:      kennysheep_big_flooded_room, layout_basic,
          mainiacjoe_overflow_alcove_1, cheibrodos_sewer_entry_bend,
          kennysheep_generic_room_15
Sewer:    sewer_hellmonk_slimy_pipes

Skill      XL: |  1  2  3  4  5 |
---------------+----------------+-----
Armour         | 1 2 |  2.5
Fighting       | 4 |  4.3
Ranged Weapons | 1 |  1.1
Stealth        | 3 |  3.2
Maces & Flails | |  3.8
Dodging        | |  2.8

Action                   |  1- 3 |  4- 6 || total
-------------------------+-------+-------++-------
Melee: Mace              |    19 |    52 ||    71
 Fire: Sling             |    99 |   102 ||   201
  Use: Scroll            |       |     8 ||     8
       Potion            |       |     3 ||     3
Armor: Robe              |    14 |    38 ||    52
Dodge: Dodged            |    39 |    99 ||   138

Table legend: (Time is in decaauts)
 A = Elapsed time spent in this place.
 B = Non-inter-level travel time spent in this place.
 C = Inter-level travel time spent in this place.
 D = Time resting spent in this place.
 E = Time spent auto-exploring this place.
 F = Levels seen in this place.
 G = Mean time per level.
                   A        B        C        D        E       F      G
               +--------+--------+--------+--------+--------+-----+--------+
         Total |   2487 |   2417 |     70 |    182 |   1581 |   4 |  621.8 |
       Dungeon |   2098 |   2028 |     70 |     25 |   1525 |   3 |  699.3 |
         Sewer |    389 |    389 |      0 |    157 |     56 |   1 |  389.0 |
               +--------+--------+--------+--------+--------+-----+--------+

Top non-repeatable levels by time:
     D:1: 984 daAuts
     D:2: 757 daAuts
   Sewer: 389 daAuts
     D:3: 356 daAuts
